 Dungeon Crawl Stone Soup version 0.31.0 (webtiles) character file.

Game seed: 6634027132820272328

397 qw the Shooter (level 6, -4/39 HPs)
             Began as a Gargoyle Hunter on Jan 20, 2024.
             Slain by a gnoll
             ... wielding a +1 spear of distortion
              (17 damage)
             ... on level 3 of the Dungeon.
             The game lasted 00:00:11 (2412 turns).

qw the Shooter (Gargoyle Hunter)                    Turns: 2412, Time: 00:00:11

Health: -4/39      AC: 10    Str: 15    XL:     6   Next: 83%
Magic:  6/6        EV: 11    Int:  9    God:
Gold:   21         SH:  4    Dex: 15    Spells: 5/5 levels left

rFire   . . .        a - +0 shortbow
rCold   . . .        (shield currently unavailable)
rNeg    + . .        c - +0 leather armour
rPois   inf          (no helmet)
rElec   +            f - +0 cloak
rCorr   .            (no gloves)
SInv    .            (no boots)
Will    .....        g - amulet of the acrobat
Stlth   ++           (no ring)
HPRegen 0.26/turn    (no ring)
MPRegen 0.10/turn

%: acrobat
@: no status effects
A: sickness immunity, AC +4, negative energy resistance 1, electricity
resistance, torment resistance 1, petrification resistance, claws 1, iridescent
scales 1, large bone plates 1
a: no special abilities


You were on level 3 of the Dungeon.
You visited 1 branch of the dungeon, and saw 4 of its levels.
You also visited: Sewer.

You collected 151 gold pieces.
You spent 130 gold pieces at shops.


Innate Abilities, Weirdness & Mutations

You are immune to sickness and miasma.
Your stone body is resilient. (AC +4)
You are immune to poison.
You resist negative energy. (rN+)
You are resistant to electric shocks. (rElec)
You are resistant to unholy torment.
You are immune to petrification.
You have sharp fingernails.
You are partially covered in iridescent scales. (AC +2)
You are partially covered in large bone plates. (SH +4)


   Skills:
 - Level 4.3 Fighting
 + Level 6.9 Ranged Weapons
 - Level 1.1 Armour
 - Level 1.5 Dodging
 - Level 1.1 Stealth


You had 5 spell levels left.
You didn't know any spells.
Your spell library was empty.

Inventory:

Hand Weapons
 a - a +0 shortbow (weapon)
Armour
 c - a +0 leather armour (worn)
 f - a +0 cloak (worn)
Jewellery
 g - an amulet of the acrobat (around neck)
 h - a ring of fire
Scrolls
 i - 3 scrolls of identify
Potions
 d - 2 potions of enlightenment
 e - a potion of mutation
 j - a potion of cancellation
 k - a potion of heal wounds

Dungeon Overview and Level Annotations

Branches:
Dungeon (4/15)              Sewer (visited)
 Temple: D:4-7

Altars:

Shops:
D:2 ?

Annotations:
D:3 Ijyb


Message History

The arrow hits the gnoll but does no damage.
The gnoll hits you from afar with a +1 spear of distortion.
You shoot an arrow. The arrow hits Ijyb.
Ijyb is lightly wounded.
Ijyb screams, "You nasty!
Big nasty!"
Ijyb zaps a wand.
Your will is overpowered!
You are confused.
The gnoll hits you but does no damage.
2406 ||| DRINKING 2 potions of curing.
You feel better.
2406 ||| (to cure confusion)
The gnoll completely misses you.
Ijyb zaps a wand.
You resist with some effort.
You shoot an arrow. The arrow hits Ijyb.
Ijyb is moderately wounded.
You hear a shout!
The gnoll hits you but does no damage. Space warps horribly around you!
Ijyb screams, "Die!"
You shoot an arrow. The arrow hits Ijyb but does no damage.
Ijyb is moderately wounded.
The gnoll closely misses you.
A gnoll comes into view. It is wielding a +0 spear.
Ijyb hits you with a +0 club.
You shoot an arrow. The arrow barely misses Ijyb.
The gnoll hits you from afar with a +1 spear of distortion.
Ijyb barely misses you. Ijyb hits you with a +0 club.
You shoot an arrow. The arrow hits Ijyb.
Ijyb is severely wounded.
The gnoll misses you.
A gnoll comes into view. It is wielding a +0 spear.
Ijyb screams, "Me very upset!"
Ijyb zaps a wand.
Your will is overpowered!
You are confused.
2411 ||| DRINKING potion of curing.
You feel better.
2411 ||| (to cure confusion)
The gnoll hits you from afar with a +0 spear.
Ijyb closely misses you.
You shoot an arrow. The arrow closely misses Ijyb.
The arrow barely misses the gnoll.
The gnoll hits you from afar with a +1 spear of distortion.
Space warps horribly around you!
You die...

... ... .. ..##
..## ## ##g. ##
..|.###gg#####...
#....g.........
#####@#<....... .##
####)......###...
....####...)...#..#
......[...#######.#
.......>..# #.##
..........# #..##
##........# ##..#
##....#### ##.##
...#.. #..#


You could see Ijyb and 3 gnolls.

Vanquished Creatures
  2 kobold brigands (Sewer)
  A hound (D:4)
  2 bombardier beetles
  4 gnolls
  5 adders
  2 river rats (Sewer)
  A dart slug (D:2)
  2 ribbon worms
  5 endoplasms
  3 giant cockroaches
  4 goblins
  3 hobgoblins (D:1)
  4 jackals
  8 kobolds
  4 quokkas
  8 ball pythons
  5 bats
  4 frilled lizards
  4 rats
71 creatures vanquished.

Notes
Turn   | Place    | Note
-------+----------+-------------------------------------------
     0 | D:1      | qw the Gargoyle Hunter began the quest for the Orb.
     0 | D:1      | Reached XP level 1. HP: 12/12 MP: 1/1
     0 | D:1      | 0 ||| qw: Version: 0.3-a-132-g3d54051
     0 | D:1      | 0 ||| qw: Game counter: 431
     0 | D:1      | 0 ||| qw: Melee chars always use a shield: true
     0 | D:1      | 0 ||| qw: God list: Okawaru
     0 | D:1      | 0 ||| qw: Allow faded altars: false
     0 | D:1      | 0 ||| qw: Do Orc after clearing Dungeon:15 true
     0 | D:1      | 0 ||| qw: Do second Lair branch before Depths: true
     0 | D:1      | 0 ||| qw: Lair rune preference: random
     0 | D:1      | 0 ||| qw: Goals: Normal
     0 | D:1      | 0 ||| PLANNING D:1-11
   223 | D:1      | Reached XP level 2. HP: 17/17 MP: 2/2
   413 | D:1      | Found a faded altar of an unknown god.
   652 | D:1      | 652 ||| READING scroll labelled WOJIRE SUWEE.
   653 | D:1      | 653 ||| READING 2 scrolls labelled SEVOPRICOX.
   653 | D:1      | 653 ||| IDENTIFYING fizzy inky potion
   654 | D:1      | 654 ||| READING scroll of identify.
   654 | D:1      | 654 ||| IDENTIFYING inky potion
   655 | D:1      | 655 ||| READING scroll labelled SOKHLAE TEURCHE.
   656 | D:1      | 656 ||| DRINKING 2 pink potions.
   656 | D:1      | Gained mutation: You have sharp fingernails. [potion of
                  | mutation]
   656 | D:1      | Gained mutation: You are partially covered in large bone
                  | plates. (SH +4) [potion of mutation]
   656 | D:1      | Gained mutation: You are partially covered in iridescent
                  | scales. (AC +2) [potion of mutation]
   657 | D:1      | 657 ||| DROPPING scroll of butterflies.
   658 | D:1      | 658 ||| DROPPING potion of berserk rage.
   725 | D:2      | 725 ||| FLEEEEING.
   800 | D:2      | Reached XP level 3. HP: 21/21 MP: 3/3
   906 | D:2      | Reached skill level 5 in Ranged Weapons
   910 | D:2      | 910 ||| FLEEEEING.
   962 | D:2      | 962 ||| FLEEEEING.
   967 | D:2      | Reached skill level 3 in Fighting
   967 | D:2      | Reached XP level 4. HP: 20/28 MP: 4/4
  1049 | D:2      | 1049 ||| FLEEEEING.
  1237 | D:2      | Found Biafriof's Magic Scroll Emporium.
  1252 | D:2      | 1252 ||| BUYING 3 scrolls of identify (78 gold).
  1252 | D:2      | Bought 3 scrolls of identify for 78 gold pieces
  1252 | D:2      | 1252 ||| SHOPLISTING scroll of enchant weapon (97 gold,
                  | have 52).
  1252 | D:2      | 1252 ||| BUYING scroll of identify (26 gold).
  1252 | D:2      | Bought a scroll of identify for 26 gold pieces
  1252 | D:2      | 1252 ||| BUYING scroll of identify (26 gold).
  1252 | D:2      | Bought a scroll of identify for 26 gold pieces
  1252 | D:2      | 1252 ||| SHOPLISTING scroll of teleportation (39 gold, have
                  | 0).
  1318 | D:2      | 1318 ||| FLEEEEING.
  1319 | D:2      | 1319 ||| FLEEEEING.
  1320 | D:2      | 1320 ||| FLEEEEING.
  1321 | D:2      | 1321 ||| FLEEEEING.
  1374 | D:2      | You fall into a shaft and drop 2 floors!
  1384 | D:4      | 1384 ||| PLANNING SEWER
  1396 | D:4      | Reached XP level 5. HP: 31/32 MP: 5/5
  1486 | D:4      | Reached skill level 6 in Ranged Weapons
  1488 | D:4      | Found a glowing drain.
  1489 | D:4      | 1489 ||| UPGRADING to +0 cloak.
  1494 | D:4      | 1494 ||| UPGRADING to amulet of the acrobat.
  1499 | D:4      | 1499 ||| READING 5 scrolls of identify.
  1499 | D:4      | 1499 ||| IDENTIFYING lumpy sapphire potion
  1500 | D:4      | 1500 ||| READING 4 scrolls of identify.
  1500 | D:4      | 1500 ||| IDENTIFYING fizzy emerald potion
  1501 | D:4      | 1501 ||| READING 3 scrolls of identify.
  1501 | D:4      | 1501 ||| IDENTIFYING scroll labelled LIUBLU YTHU
  1502 | D:4      | 1502 ||| DROPPING potion of attraction.
  1503 | D:4      | 1503 ||| DROPPING scroll of silence.
  1504 | D:4      | 1504 ||| DROPPING potion of invisibility.
  1513 | Sewer    | Entered a sewer
  1527 | Sewer    | Reached skill level 1 in Armour
  1616 | Sewer    | Noticed a kobold brigand
  1619 | Sewer    | Noticed a kobold brigand
  1647 | Sewer    | Killed a kobold brigand
  1648 | Sewer    | Reached XP level 6. HP: 26/39 MP: 6/6
  1786 | Sewer    | Found a white marble altar of Elyvilon.
  1830 | D:4      | 1830 ||| PLANNING D:1-11
  1860 | D:3      | 1860 ||| FLEEEEING.
  1867 | D:3      | 1867 ||| STAIRDANCE
  2403 | D:3      | Noticed Ijyb
  2406 | D:3      | 2406 ||| DRINKING 2 potions of curing.
  2406 | D:3      | 2406 ||| (to cure confusion)
  2411 | D:3      | 2411 ||| DRINKING potion of curing.
  2411 | D:3      | 2411 ||| (to cure confusion)
  2412 | D:3      | Slain by a gnoll

Levels and vault maps discovered:
D:1:      lemuel_arrival_muddy, layout_basic,
          dreamdust_ecumenical_altar_angels_and_demons
D:2:      layout_loops_corners, serial_shops, shop
D:3:      layout_rooms, minmay_misc_feat_enclosed, st_stairs_1, uniq_ijyb,
          uniq_crazy_yiuf_cottage
D:4:      layout_basic, okawaru_ov_weapons_minmay, portal_sewer_entry_d,
          roderic_serpentine_path

Skill      XL: |  1  2  3  4  5 |
---------------+----------------+-----
Ranged Weapons | 5 6 |  6.9
Fighting       | 3 4 |  4.3
Armour         | 1 |  1.1
Dodging        | |  1.5
Stealth        | |  1.1

Action                     |  1- 3 |  4- 6 || total
---------------------------+-------+-------++-------
   Fire: Shortbow          |    92 |   195 ||   287
    Use: Scroll            |     4 |     3 ||     7
         Potion            |     1 |     2 ||     3
 Armour: Leather armour    |    26 |    99 ||   125
  Dodge: Dodged            |    33 |    85 ||   118
  Block: Other             |     2 |    25 ||    27

Table legend:
 A = Non-vault XP
 B = Vault XP
 C = Vault XP percentage of total XP
 D = Non-vault monster count
 E = Vault monster count
 F = Vault count percentage of total count
                 A         B        C        D         E       F
            +---------+---------+-------+---------+---------+-------
      Total |     300 |     268 |  47.2 |      55 |      16 |  22.5
            +---------+---------+-------+---------+---------+-------
        D:1 |      26 |       0 |   0.0 |      16 |       0 |   0.0
        D:2 |     120 |       0 |   0.0 |      23 |       0 |   0.0
        D:3 |      90 |      31 |  25.6 |      10 |       4 |  28.6
        D:4 |      64 |      13 |  16.9 |       6 |       1 |  14.3
      Sewer |       0 |     224 | 100.0 |       0 |      11 | 100.0
            +---------+---------+-------+---------+---------+-------
